[Event "Team 45 45 League T92"]
[Site "Internet Chess Club"]
[Date "2022.05.22"]
[Round "6"]
[White "smsxman"]
[Black "kingphisch"]
[Result "0-1"]
[WhiteElo "1322"]
[BlackElo "1317"]
[Opening "Caro-Kann defense"]
[ECO "B10"]
[Time "14:01:06"]
[PlyCount "74"]
[TimeControl "2700+45"]

1. e4 c6 2. Nf3 d5 3. exd5 cxd5 4. d4 Nc6 5. Nc3 Nf6 6. Bb5 e6 7. Bxc6+ bxc6 8.
O-O Be7 9. a3 O-O 10. Bf4 Bb7 11. b4 Rc8 12. Be3 Re8 13. b5 cxb5 14. Nxb5 a6 15.
a4 axb5 16. axb5 Ra8 17. Qd3 Qc7 18. Ne5 Ne4 19. c4 dxc4 20. Nxc4 Rec8 21. Ne5
Rxa1 22. Rxa1 Qc3 23. Qf1 Nd2 24. Qd1 Nb3 25. Ra7 Ra8 26. Rxa8+ Bxa8 27. h3 Qa1
28. Qxa1 Nxa1 29. b6 Nc2 30. Nc4 Nxe3 31. fxe3 Kf8 32. Na5 Bd5 33. Kf2 Ke8 34.
Kg3 Kd7 35. Kf4 Bd6+ 36. Kg4 Bxg2 37. Nb7 Bxb7 {White resigns} 0-1

[Event "Team 45 45 League T92"]
[Site "Internet Chess Club"]
[Date "2022.05.19"]
[Round "6"]
[White "elmaestro"]
[Black "Rookmaster"]
[Result "1-0"]
[WhiteElo "1697"]
[BlackElo "1507"]
[Opening "Queen's pawn: stonewall attack"]
[ECO "D00"]
[Time "20:06:54"]
[PlyCount "37"]
[TimeControl "2700+45"]

1. d4 d5 2. e3 Nf6 3. Bd3 g6 4. Nd2 a6 5. Ngf3 b5 6. c3 Nbd7 7. O-O c5 8. b4
cxb4 9. cxb4 Nb6 10. Nb3 Bg4 11. h3 Bxf3 12. Qxf3 Rc8 13. Nc5 Nc4 14. Nxa6 Qd6
15. Nc5 e5 16. e4 dxe4 17. dxe5 Nxe5 18. Bxb5+ Nfd7 19. Qxe4 {Black resigns} 1-0

[Event "Team 45 45 League T92"]
[Site "Internet Chess Club"]
[Date "2022.05.22"]
[Round "6"]
[White "Gojira"]
[Black "AlWynJones"]
[Result "0-1"]
[WhiteElo "1538"]
[BlackElo "1417"]
[Opening "Queen's pawn game"]
[ECO "A45"]
[Time "10:02:43"]
[PlyCount "24"]
[TimeControl "2700+45"]

1. d4 Nf6 2. Nc3 d6 3. Bf4 c6 4. e3 b5 5. a3 a5 6. d5 e5 7. Bg3 cxd5 8. Bxb5+
Nbd7 9. Nxd5 Bb7 10. Nxf6+ gxf6 11. Nf3 a4 12. b3 Qa5+ {White resigns} 0-1

[Event "Team 45 45 League T92"]
[Site "Internet Chess Club"]
[Date "2022.05.22"]
[Round "6"]
[White "jcule"]
[Black "trogers41"]
[Result "0-1"]
[WhiteElo "1391"]
[BlackElo "1363"]
[Opening "Queen's pawn: Torre attack"]
[ECO "A46"]
[Time "11:00:25"]
[PlyCount "100"]
[TimeControl "2700+45"]

1. d4 Nf6 2. Nf3 e6 3. Bg5 Be7 4. e3 h6 5. Bh4 O-O 6. Bd3 d5 7. O-O c5 8. dxc5
Bxc5 9. c4 dxc4 10. Bxc4 Qxd1 11. Rxd1 Nc6 12. Nc3 g5 13. Bg3 b6 14. h3 Bb7 15.
Ne5 Nb4 16. a3 Nbd5 17. Nxd5 exd5 18. Bb5 Rfd8 19. b4 Bf8 20. Bc6 Bxc6 21. Nxc6
Rd7 22. Be5 Bg7 23. f3 Nh5 24. Bxg7 Kxg7 25. b5 Nf6 26. a4 Rc8 27. Rd4 Rdc7 28.
Rd2 Rxc6 29. bxc6 Rxc6 30. Rd3 Rc4 31. Kh2 Kf8 32. g4 Ke7 33. Kg3 Ke6 34. Raa3
Nd7 35. Rdc3 Rxc3 36. Rxc3 Nc5 37. Ra3 f6 38. h4 Ke5 39. f4+ Ke4 40. fxg5 fxg5
41. h5 Nd3 42. a5 Kxe3 43. axb6 axb6 44. Rb3 d4 45. Rxb6 Nf2 46. Rxh6 d3 47.
Re6+ Ne4+ 48. Kg2 d2 49. h6 d1=Q 50. h7 Qxg4+ {White resigns} 0-1

[Event "Team 45 45 League T92"]
[Site "Internet Chess Club"]
[Date "2022.05.21"]
[Round "6"]
[White "CMAlge"]
[Black "Fulmar"]
[Result "1/2-1/2"]
[WhiteElo "1231"]
[BlackElo "1241"]
[Opening "Queen's pawn game"]
[ECO "A45"]
[Time "12:00:36"]
[PlyCount "61"]
[TimeControl "2700+45"]

1. d4 Nf6 2. Nc3 c6 3. Bf4 Qb6 4. Na4 Qa5+ 5. c3 b5 6. Nc5 d6 7. Nb3 Qb6 8. e3
g6 9. Be2 Bg7 10. h4 h5 11. Nf3 Nd5 12. Bh2 Nd7 13. Qc2 Nf8 14. e4 Nc7 15. O-O
c5 16. dxc5 dxc5 17. Rad1 Bd7 18. Ne5 a6 19. Nxd7 Nxd7 20. Qd3 Rd8 21. Qe3 Bh6
22. Bf4 Bxf4 23. Qxf4 Ne6 24. Qd2 Ne5 25. Qc2 c4 26. Nd4 Nxd4 27. cxd4 Ng4 28.
Qc3 Nf6 29. d5 O-O 30. Qe5 Qd6 31. Qd4 {Game drawn by mutual agreement} 1/2-1/2

[Event "Team 45 45 League T92"]
[Site "Internet Chess Club"]
[Date "2022.05.21"]
[Round "6"]
[White "bobhill"]
[Black "primerpaso"]
[Result "1-0"]
[WhiteElo "1836"]
[BlackElo "1887"]
[Opening "Queen's bishop game"]
[ECO "D02"]
[Time "14:04:14"]
[PlyCount "93"]
[TimeControl "2700+45"]

1. d4 Nf6 2. Nf3 d5 3. Bf4 g6 4. e3 Bg7 5. Bd3 O-O 6. Nbd2 Nbd7 7. O-O c5 8. c3
b6 9. Ne5 Bb7 10. h3 Nxe5 11. Bxe5 a6 12. f4 Rc8 13. g4 Ne4 14. Bxg7 Kxg7 15.
Nf3 Qd6 16. Kg2 cxd4 17. Nxd4 Nc5 18. Bc2 e5 19. fxe5 Qxe5 20. Qf3 Rce8 21. Rae1
Ne4 22. Re2 Nd6 23. Bd3 Re7 24. Qf4 Rfe8 25. Rf3 f6 26. h4 Qxf4 27. exf4 Nc4 28.
b3 Ne3+ 29. Kg3 Nd1 30. Rxe7+ Rxe7 31. Be2 Nb2 32. Kf2 Kf7 33. Re3 Re4 34. Bf3
Rxf4 35. Kg3 g5 36. hxg5 fxg5 37. Nf5 Kf6 38. Nd4 Bc8 39. Ne2 Nd1 40. Rd3 Bxg4
41. Nxf4 gxf4+ 42. Kxf4 Nf2 43. Rxd5 Be6 44. Rd6 Ke7 45. Rxb6 Nd3+ 46. Kg5 Ne5
47. Be2 {Black resigns} 1-0

[Event "Team 45 45 League T92"]
[Site "Internet Chess Club"]
[Date "2022.05.23"]
[Round "6"]
[White "Portola"]
[Black "LookImYourVader"]
[Result "0-1"]
[WhiteElo "1672"]
[BlackElo "1776"]
[Opening "Queen's pawn game, Darooha variation "]
[ECO "D02"]
[Time "17:01:06"]
[PlyCount "118"]
[TimeControl "2700+45"]

1. d4 d5 2. Nf3 Nf6 3. c3 c5 4. e3 Nc6 5. Bd3 Bg4 6. Nbd2 Qb6 7. b3 e5 8. dxe5
Nxe5 9. Be2 Bd6 10. Bb2 O-O 11. O-O Rad8 12. Nxe5 Bxe2 13. Qxe2 Bxe5 14. Nf3
Rfe8 15. Qc2 Ne4 16. Rad1 Qg6 17. Nxe5 Rxe5 18. f3 Nf6 19. Qxg6 hxg6 20. Rfe1
Ree8 21. Kf2 b5 22. Rd2 Re7 23. Ba3 Rc7 24. Red1 c4 25. Bb4 Rcd7 26. Rd4 a6 27.
h4 a5 28. Bxa5 Ra8 29. b4 Raa7 30. g4 Kf8 31. g5 Ne8 32. Rxd5 Ke7 33. Bd8+ Kxd8
34. R5d2 Rxa2 35. Rxa2 Rxd1 36. Rc2 Rd3 37. e4 Ke7 38. Kg3 Nd6 39. Kg4 Ke6 40.
Kf4 Nc8 41. Rc1 Nb6 42. Ra1 Na4 43. Kg4 Rxc3 44. f4 Re3 45. e5 Rd3 46. Re1 Rd2
47. Re3 c3 48. Re1 Rd4 49. Rb1 Rc4 50. Rd1 Rc6 51. Kf3 c2 52. Rc1 Rc3+ 53. Ke4
Rc4+ 54. Ke3 Nb6 55. Kd2 Nd5 56. h5 gxh5 57. g6 fxg6 58. Rxc2 Rxc2+ 59. Kxc2
Nxb4+ {White resigns} 0-1

[Event "Team 45 45 League T92"]
[Site "Internet Chess Club"]
[Date "2022.05.22"]
[Round "6"]
[White "Beetlejuice"]
[Black "QuieroAprender"]
[Result "1/2-1/2"]
[WhiteElo "1703"]
[BlackElo "1632"]
[Opening "English opening"]
[ECO "A16"]
[Time "13:00:50"]
[PlyCount "94"]
[TimeControl "2700+45"]

1. c4 Nf6 2. Nc3 g6 3. g3 Bg7 4. Bg2 c6 5. e4 d6 6. Nge2 O-O 7. O-O e5 8. d3 Qc7
9. h3 Be6 10. f4 exf4 11. gxf4 Nh5 12. Be3 f5 13. Qd2 Nd7 14. Nd4 Rae8 15. Nxe6
Rxe6 16. Rae1 Ng3 17. Rf3 Nh5 18. Rf2 Qd8 19. Kh2 Qh4 20. Rf3 Bxc3 21. bxc3 fxe4
22. Bf2 Qe7 23. dxe4 Rxe4 24. Rxe4 Qxe4 25. Qxd6 Rf7 26. Be3 Qxc4 27. Bd4 Qxa2
28. Rf2 Qa5 29. f5 gxf5 30. Qh6 f4 31. Bf3 Ng7 32. Rg2 Ne5 33. Bh5 Ng6 34. Rxg6
hxg6 35. Bxg6 Qa2+ 36. Kh1 f3 37. Bh7+ Kf8 38. Qd6+ Re7 39. Bxg7+ Kxg7 40. Qxe7+
Qf7 41. Qxf7+ Kxf7 42. Kg1 a5 43. Bc2 b5 44. Kf2 c5 45. Kxf3 c4 46. Ke2 b4 47.
cxb4 axb4 {Game drawn by mutual agreement} 1/2-1/2

[Event "Team 45 45 League T92"]
[Site "Internet Chess Club"]
[Date "2022.05.18"]
[Round "6"]
[White "mongmong"]
[Black "ChessG2011"]
[Result "1-0"]
[WhiteElo "1529"]
[BlackElo "1423"]
[Opening "Grünfeld: Russian, Szabo (Boleslavsky) variation"]
[ECO "D97"]
[Time "18:01:19"]
[PlyCount "151"]
[TimeControl "2700+45"]

1. d4 Nf6 2. Nf3 g6 3. c4 Bg7 4. Nc3 d5 5. Qb3 dxc4 6. Qxc4 O-O 7. e4 c6 8. Be2
Na6 9. O-O Nc7 10. Rd1 Bg4 11. h3 Bxf3 12. Bxf3 Qd7 13. Be3 Rfd8 14. Rac1 e6 15.
a4 Qe7 16. b4 Rd7 17. b5 cxb5 18. Nxb5 Nxb5 19. Qxb5 Rc7 20. Rxc7 Qxc7 21. Rc1
Qe7 22. Qc5 Qxc5 23. Rxc5 Bf8 24. Rc7 Rb8 25. e5 Nd5 26. Bxd5 exd5 27. Rd7 Rc8
28. Rxb7 Ra8 29. Rd7 Rb8 30. Rxa7 Rb4 31. a5 Ra4 32. Ra8 Kg7 33. a6 Be7 34. Ra7
Kf8 35. Rd7 Ra5 36. a7 Ke8 37. Rb7 Bd8 38. Bg5 Rxa7 39. Rxa7 Bxg5 40. Ra5 Ke7
41. Rxd5 Ke6 42. Rd6+ Ke7 43. Kf1 f6 44. Ra6 fxe5 45. dxe5 Bf4 46. Ra7+ Ke6 47.
Rxh7 Bxe5 48. Ra7 Kf5 49. g3 Kg5 50. Kg2 Kh6 51. f4 Bd4 52. Ra6 Kg7 53. Kf3 Bf6
54. g4 g5 55. f5 Be7 56. Ra7 Kf6 57. Rxe7 Kxe7 58. Ke4 Kf6 59. Kd5 Kf7 60. Ke5
Ke7 61. f6+ Kf7 62. Kf5 Kf8 63. Kxg5 Kf7 64. Kf5 Kf8 65. Ke6 Ke8 66. f7+ Kf8 67.
g5 Kg7 68. Ke7 Kg6 69. h4 Kh5 70. f8=Q Kxh4 71. g6 Kg4 72. g7 Kg5 73. g8=Q+ Kh5
74. Qh7+ Kg5 75. Qhg7+ Kh5 76. Qfh8# {Black checkmated} 1-0

[Event "Team 45 45 League T92"]
[Site "Internet Chess Club"]
[Date "2022.05.22"]
[Round "6"]
[White "Goli"]
[Black "fileman"]
[Result "0-1"]
[WhiteElo "1781"]
[BlackElo "1831"]
[Opening "KP: Nimzovich defense"]
[ECO "B00"]
[Time "11:39:31"]
[PlyCount "78"]
[TimeControl "2700+45"]

1. e4 Nc6 2. Nf3 d5 3. exd5 Qxd5 4. Nc3 Qd8 5. Bb5 Bd7 6. O-O e6 7. d4 Nf6 8. d5
Nxd5 9. Nxd5 exd5 10. Qxd5 Be7 11. Rd1 a6 12. Ng5 O-O 13. Bc4 Bxg5 14. Bxg5 Be6
15. Qxd8 Nxd8 16. Bxd8 Raxd8 17. Bxe6 fxe6 18. Kf1 Kf7 19. Rxd8 Rxd8 20. Ke2 Kf6
21. Rd1 Rd6 22. Rd3 Rd5 23. Ke3 c5 24. Ke2 b5 25. Rf3+ Rf5 26. Rd3 Rd5 27. Rf3+
Ke7 28. a3 c4 29. b3 cxb3 30. cxb3 Rd4 31. Rc3 Rd6 32. b4 e5 33. Ke3 Kf6 34. Ke4
h5 35. Rf3+ Ke6 36. Rg3 Rd4+ 37. Ke3 Kf6 38. f4 Rxf4 39. h3 h4 {White resigns}
0-1

[Event "Team 45 45 League T92"]
[Site "Internet Chess Club"]
[Date "2022.05.21"]
[Round "6"]
[White "MrAbendroth"]
[Black "cysk"]
[Result "1/2-1/2"]
[WhiteElo "1617"]
[BlackElo "1700"]
[Opening "Scandinavian: Pytel-Wade variation"]
[ECO "B01"]
[Time "11:00:55"]
[PlyCount "34"]
[TimeControl "2700+45"]

1. e4 d5 2. exd5 Qxd5 3. Nc3 Qd6 4. d4 Nf6 5. Nf3 a6 6. Bd3 g6 7. h3 Bg7 8. Be3
Nc6 9. a3 Be6 10. Ng5 Nxd4 11. Bxd4 Qxd4 12. Bb5+ Nd7 13. Bxd7+ Bxd7 14. Nxf7
O-O 15. Nh6+ Kh8 16. Qxd4 Bxd4 17. O-O Rad8 {Game drawn by mutual agreement}
1/2-1/2

[Event "Team 45 45 League T92"]
[Site "Internet Chess Club"]
[Date "2022.05.22"]
[Round "6"]
[White "LoseOften"]
[Black "Egmont"]
[Result "1-0"]
[WhiteElo "1513"]
[BlackElo "1553"]
[Opening "French: MacCutcheon, advance variation"]
[ECO "C12"]
[Time "04:00:19"]
[PlyCount "79"]
[TimeControl "2700+45"]

1. e4 e6 2. d4 d5 3. Nc3 Nf6 4. Bg5 Bb4 5. e5 h6 6. Bxf6 gxf6 7. f4 fxe5 8. fxe5
Qh4+ 9. Ke2 Nc6 10. Nf3 Qg4 11. h3 Qf4 12. Qd2 Qxd2+ 13. Kxd2 Ne7 14. Bd3 c5 15.
dxc5 Bxc5 16. Nb5 Kd7 17. Rhf1 a6 18. Nbd4 Rg8 19. Rf2 Nc6 20. c3 b5 21. Ke3 f5
22. exf6 e5 23. f7 Rf8 24. b4 exd4+ 25. cxd4 Bxb4 26. Nh4 Bc3 27. Bf5+ Kd8 28.
Rd1 Bxf5 29. Rxf5 Ne7 30. Rf6 a5 31. Nf3 a4 32. Ne5 b4 33. Rd6+ Kc7 34. Rd7+ Kc8
35. Rxe7 b3 36. Rc1 Rxf7 37. Rxc3+ Kb8 38. Rxf7 b2 39. Rcc7 b1=Q 40. Nc6# {Black
checkmated} 1-0

[Event "Team 45 45 League T92"]
[Site "Internet Chess Club"]
[Date "2022.05.23"]
[Round "6"]
[White "BrerRabbit"]
[Black "seldredg"]
[Result "1-0"]
[WhiteElo "1396"]
[BlackElo "1260"]
[Opening "Queen's pawn"]
[ECO "A40"]
[Time "19:30:56"]
[PlyCount "107"]
[TimeControl "2700+45"]

1. d4 e6 2. Nf3 Nf6 3. g3 c5 4. Bg2 cxd4 5. Nxd4 a6 6. O-O Bc5 7. Nb3 Bb6 8. c4
d6 9. Nc3 Qc7 10. Na4 Nbd7 11. Nd2 O-O 12. Nxb6 Nxb6 13. b3 Rd8 14. Bb2 e5 15.
e4 Bg4 16. Qc2 Qd7 17. Rfe1 Bh3 18. Nf1 Bxg2 19. Kxg2 Rac8 20. Qe2 Re8 21. Red1
Re6 22. f3 h6 23. Ne3 Nh5 24. Rd2 Rg6 25. Kf2 Qh3 26. Ke1 Nxg3 27. hxg3 Qxg3+
28. Qf2 Qg1+ 29. Qxg1 Rxg1+ 30. Kf2 Rg6 31. Rad1 Rc6 32. Nf5 Nc8 33. Ba3 b6 34.
Bxd6 Rg5 35. Bxe5 Kh7 36. Bb2 Rcg6 37. Ne3 Rh5 38. Ng4 f5 39. exf5 Rxf5 40. Rd5
Ne7 41. Rxf5 Nxf5 42. Rd5 Ne7 43. Rd7 Nf5 44. Rd5 Ne7 45. Rd7 Nf5 46. Bd4 h5 47.
Ne3 Nd6 48. Bxb6 h4 49. Bc7 Ne8 50. Be5 h3 51. Ng4 Nf6 52. Bxf6 h2 53. Nxh2 Rxf6
54. Ng4 {Black resigns} 1-0

[Event "Team 45 45 League T92"]
[Site "Internet Chess Club"]
[Date "2022.05.20"]
[Round "6"]
[White "Fulmar"]
[Black "jcule"]
[Result "0-1"]
[WhiteElo "1242"]
[BlackElo "1410"]
[Opening "Queen's pawn game"]
[ECO "D04"]
[Time "16:05:36"]
[PlyCount "68"]
[TimeControl "2700+45"]

1. d4 d5 2. Nf3 Nf6 3. e3 Nc6 4. Bd3 g6 5. b3 Bg7 6. Bb2 O-O 7. a3 b6 8. Nbd2
Re8 9. Ne5 Nxe5 10. dxe5 Nd7 11. Nf3 e6 12. b4 Bb7 13. h4 h6 14. g4 c5 15. Rh3
c4 16. Be2 f6 17. exf6 Nxf6 18. Ne5 Nd7 19. f4 Nxe5 20. fxe5 Qc7 21. Qd4 Rf8 22.
Bf3 Rf7 23. Kd2 Raf8 24. Rf1 Ba6 25. Bc3 Bxe5 26. Qxe5 Qxe5 27. Bxe5 c3+ 28.
Bxc3 Bxf1 29. Rg3 Rxf3 30. Rxf3 Rxf3 31. Bd4 Rg3 32. Ke1 Bc4 33. Be5 Rxe3+ 34.
Kd2 Rxe5 {White resigns} 0-1

[Event "Team 45 45 League T92"]
[Site "Internet Chess Club"]
[Date "2022.05.22"]
[Round "6"]
[White "stantheman59"]
[Black "CMAlge"]
[Result "0-1"]
[WhiteElo "1121"]
[BlackElo "1243"]
[Opening "Queen's pawn: London system"]
[ECO "A45"]
[Time "14:01:54"]
[PlyCount "88"]
[TimeControl "2700+45"]

1. d4 Nf6 2. Bf4 g6 3. Nc3 d5 4. Qd2 c6 5. h3 Bg7 6. Bh6 O-O 7. Bxg7 Kxg7 8.
O-O-O Nbd7 9. g4 e5 10. e3 e4 11. Be2 Nb6 12. b3 Qe7 13. g5 Ne8 14. h4 a5 15. f3
a4 16. Nb1 Nd6 17. Qb4 axb3 18. axb3 Qc7 19. Kd2 Bf5 20. f4 Ra5 21. Ke1 Rfa8 22.
Qc3 Nd7 23. Nd2 Nb5 24. Bxb5 Rxb5 25. Ra1 Rxa1+ 26. Qxa1 Nf8 27. Ne2 Ra5 28. Qd1
Bg4 29. Rg1 Bh5 30. Kf2 Ne6 31. Ng3 Bxd1 32. Rxd1 c5 33. h5 cxd4 34. exd4 Qxf4+
35. Kg2 Qxg5 36. c3 Nf4+ 37. Kf2 e3+ 38. Kf3 Ra2 39. Nde4 dxe4+ 40. Nxe4 Qg2+
41. Kxf4 Rf2+ 42. Nxf2 Qxf2+ 43. Ke4 e2 44. Rd2 e1=Q+ {White resigns} 0-1

[Event "Team 45 45 League T92"]
[Site "Internet Chess Club"]
[Date "2022.05.18"]
[Round "6"]
[White "WillC"]
[Black "gduranko"]
[Result "0-1"]
[WhiteElo "1548"]
[BlackElo "1504"]
[Opening "Queen's pawn game"]
[ECO "A46"]
[Time "16:01:19"]
[PlyCount "72"]
[TimeControl "2700+45"]

1. d4 Nf6 2. Nf3 c5 3. e3 e6 4. Bd3 d6 5. O-O g6 6. b3 Bg7 7. Bb2 O-O 8. Nbd2 b6
9. c4 Bb7 10. Rc1 Nbd7 11. Qe2 d5 12. Rfd1 Ne4 13. Ne5 f6 14. Nef3 a5 15. cxd5
exd5 16. dxc5 Ndxc5 17. Nxe4 Nxd3 18. Nxf6+ Bxf6 19. Bxf6 Nxc1 20. Rxc1 Qxf6 21.
Nd4 Rac8 22. Rd1 Bc6 23. h3 Bd7 24. Qd2 Kh8 25. Qe2 Qg5 26. Nf3 Qf5 27. Qb2+ Kg8
28. Nd4 Qe4 29. Qa3 Rxf2 30. Kxf2 Rf8+ 31. Ke2 Qxg2+ 32. Kd3 Qe4+ 33. Kd2 Rf2+
34. Ne2 Bf5 35. Qb2 Rxe2+ 36. Kxe2 Qg2+ {White resigns} 0-1

[Event "Team 45 45 League T92"]
[Site "Internet Chess Club"]
[Date "2022.05.21"]
[Round "6"]
[White "blind-warrior"]
[Black "Visin"]
[Result "0-1"]
[WhiteElo "1269"]
[BlackElo "1288"]
[Opening "Philidor's defense"]
[ECO "C41"]
[Time "15:00:35"]
[PlyCount "118"]
[TimeControl "2700+45"]

1. Nf3 d6 2. e4 e5 3. h3 Nf6 4. d3 c6 5. Bg5 Be7 6. c3 Be6 7. Nbd2 Nbd7 8. d4 b5
9. a4 a6 10. axb5 axb5 11. d5 cxd5 12. exd5 Bxd5 13. Bxb5 O-O 14. Rxa8 Bxa8 15.
Bxd7 Qxd7 16. Bxf6 Bxf6 17. O-O Bd5 18. c4 Be6 19. b3 Rb8 20. Ne4 Be7 21. Qd3 f5
22. Neg5 e4 23. Nxe4 fxe4 24. Qxe4 Bf6 25. Qe3 Bf7 26. Nh2 Qb7 27. Rb1 Bg6 28.
Rd1 Qb6 29. Qf3 Qxb3 30. Qxb3 Rxb3 31. Rxd6 Rb1+ 32. Nf1 Rc1 33. g3 Rxc4 34. Ne3
Rc1+ 35. Kh2 Be4 36. Ng2 Rc2 37. Kg1 Kf7 38. Rd1 Bc3 39. Ne1 Rb2 40. f3 Bxe1 41.
Rxe1 Bxf3 42. Rf1 Rg2+ 43. Kh1 Rxg3+ 44. Kh2 Rg2+ 45. Kh1 Rf2+ 46. Kg1 Rxf1+ 47.
Kxf1 g5 48. Kf2 Bd5 49. Kg3 Kf6 50. h4 h6 51. Kg4 Be6+ 52. Kg3 Kf5 53. hxg5 hxg5
54. Kf3 g4+ 55. Kg3 Ke4 56. Kf2 Kf4 57. Kg2 Bd5+ 58. Kf2 g3+ 59. Kg1 Bf3 {White
resigns} 0-1

[Event "Team 45 45 League T92"]
[Site "Internet Chess Club"]
[Date "2022.05.22"]
[Round "6"]
[White "Pawnchain"]
[Black "OGO"]
[Result "0-1"]
[WhiteElo "1360"]
[BlackElo "1258"]
[Opening "French defense"]
[ECO "C00"]
[Time "15:00:41"]
[PlyCount "57"]
[TimeControl "2700+45"]

1. e4 e6 2. Nf3 Nc6 3. d4 b6 4. a3 Bb7 5. Bd3 Be7 6. O-O d5 7. exd5 exd5 8. c3
Nf6 9. Re1 O-O 10. Bg5 h6 11. Bf4 Rc8 12. Bf5 Nd7 13. Bc2 Nf6 14. Qd3 Bd6 15.
Ne5 Re8 16. Nd2 Ne7 17. Ndf3 c5 18. Rad1 c4 19. Qd2 Qc7 20. Bxh6 gxh6 21. Qxh6
Ng6 22. Nxg6 fxg6 23. Qxg6+ Qg7 24. Rxe8+ Rxe8 25. Qxg7+ Kxg7 26. Nh4 Bc8 27. h3
Re2 28. Nf5+ Bxf5 29. Bxf5 {White resigns} 0-1

[Event "Team 45 45 League T92"]
[Site "Internet Chess Club"]
[Date "2022.05.22"]
[Round "6"]
[White "tamky70"]
[Black "PsyMar"]
[Result "0-1"]
[WhiteElo "1263"]
[BlackElo "1292"]
[Opening "Queen's pawn game, Krause variation"]
[ECO "D02"]
[Time "12:00:39"]
[PlyCount "70"]
[TimeControl "2700+45"]

1. d4 d5 2. Nf3 c5 3. c3 Nc6 4. e3 Nf6 5. g3 Bg4 6. Nbd2 e5 7. dxe5 Nxe5 8. Bg2
Bd6 9. O-O Nd3 10. c4 Ne4 11. Nxe4 dxe4 12. Qa4+ Bd7 13. Qc2 O-O 14. Nd2 f5 15.
Nb1 Bc6 16. Bd2 a6 17. Nc3 Be5 18. Rad1 b5 19. b3 Qf6 20. Nd5 Bxd5 21. cxd5 Rad8
22. a4 Rxd5 23. axb5 axb5 24. Qa2 Kh8 25. f4 Bc3 26. Bxc3 Qxc3 27. Rd2 Nb4 28.
Qb2 Qxd2 29. Qa3 Qxe3+ 30. Rf2 Rd1+ 31. Bf1 Nd3 32. Qa2 Nxf2 33. Qxf2 Qxf2+ 34.
Kxf2 Rxf1+ 35. Kxf1 c4 {White resigns} 0-1

[Event "Team 45 45 League T92"]
[Site "Internet Chess Club"]
[Date "2022.05.22"]
[Round "6"]
[White "manfredo"]
[Black "QuieroAprender"]
[Result "0-1"]
[WhiteElo "1535"]
[BlackElo "1644"]
[Opening "KGA: Schallop defense"]
[ECO "C34"]
[Time "17:01:20"]
[PlyCount "118"]
[TimeControl "2700+45"]

1. e4 e5 2. f4 exf4 3. Nf3 Nf6 4. e5 Nh5 5. d4 d6 6. Qe2 d5 7. c4 Bb4+ 8. Nc3
O-O 9. Bd2 Bxc3 10. Bxc3 Bg4 11. O-O-O Re8 12. Qd3 g6 13. Be2 c6 14. Be1 f6 15.
h3 Bxf3 16. Bxf3 fxe5 17. dxe5 Rxe5 18. Bc3 Rf5 19. Bg4 Ng3 20. Rhe1 Nd7 21.
Bxf5 Nxf5 22. cxd5 Nb6 23. dxc6 Qxd3 24. Rxd3 bxc6 25. Bf6 Nd5 26. Bg5 h6 27.
Rxd5 cxd5 28. Bxf4 g5 29. Bh2 Kf7 30. Rf1 Kg6 31. g4 Ne3 32. Re1 Rc8+ 33. Kb1
Re8 34. Bg1 d4 35. Bxe3 dxe3 36. Kc2 h5 37. Kd3 hxg4 38. hxg4 Rb8 39. b3 Rb4 40.
Rxe3 Rxg4 41. Re6+ Kf5 42. Ra6 Rb4 43. Rxa7 Kf4 44. Kc3 Re4 45. Kd2 Kg3 46. Rf7
Kg2 47. Rg7 g4 48. Kd3 Rb4 49. Kc3 Rf4 50. a4 g3 51. a5 Kf3 52. a6 Rf6 53. a7
Ra6 54. b4 g2 55. b5 Rxa7 56. Rxa7 g1=Q 57. Rf7+ Ke4 58. Re7+ Kd5 59. Rc7 Qg3+
{White resigns} 0-1

[Event "Team 45 45 League T92"]
[Site "Internet Chess Club"]
[Date "2022.05.22"]
[Round "6"]
[White "mongmong"]
[Black "dalmata"]
[Result "1-0"]
[WhiteElo "1547"]
[BlackElo "1546"]
[Opening "Queen's pawn game"]
[ECO "D05"]
[Time "11:01:36"]
[PlyCount "67"]
[TimeControl "2700+45"]

1. d4 e6 2. Nf3 d5 3. e3 Nf6 4. Bd3 Bd6 5. O-O O-O 6. Nbd2 c5 7. c3 c4 8. Bc2 b5
9. Qe2 Nbd7 10. e4 dxe4 11. Nxe4 Nxe4 12. Qxe4 Nf6 13. Qxa8 Qc7 14. Be4 Bd7 15.
Qb7 Qxb7 16. Bxb7 Rb8 17. Ba6 Rb6 18. Bxb5 Rxb5 19. Bg5 Ne4 20. Rab1 Nxg5 21.
Nxg5 Rxg5 22. b3 Bc6 23. g3 Bb5 24. bxc4 Bxc4 25. Rfe1 Bxa2 26. Rb7 a5 27. Ra7
Rb5 28. Ra1 Rb1+ 29. Rxb1 Bxb1 30. Rxa5 g6 31. f4 Bf5 32. Kf2 Bc7 33. Rc5 Bd6
34. Ra5 {Black resigns} 1-0

[Event "Team 45 45 League T92"]
[Site "Internet Chess Club"]
[Date "2022.05.20"]
[Round "6"]
[White "fvafier"]
[Black "julesraider"]
[Result "0-1"]
[WhiteElo "1495"]
[BlackElo "1598"]
[Opening "Réti: old Indian attack"]
[ECO "A06"]
[Time "13:00:08"]
[PlyCount "102"]
[TimeControl "2700+45"]

1. Nf3 d5 2. d3 Nf6 3. g3 Nc6 4. Nbd2 e5 5. e4 Bg4 6. Bg2 Qd7 7. h3 dxe4 8. dxe4
Be6 9. Ng5 O-O-O 10. Nxe6 Qxe6 11. O-O Bc5 12. Qe2 Nd4 13. Qc4 Qe7 14. a4 a6 15.
a5 h6 16. Nb3 Nxb3 17. Qxb3 Nh5 18. Be3 Rd7 19. Bf3 Nf6 20. Rfd1 Rhd8 21. Bxc5
Qxc5 22. Rxd7 Rxd7 23. Rd1 Rxd1+ 24. Bxd1 Nxe4 25. Qxf7 Kb8 26. Qf3 Ng5 27. Qg4
Qxa5 28. Kg2 Qd5+ 29. Kh2 e4 30. h4 Ne6 31. b3 b5 32. c4 bxc4 33. bxc4 Qd2 34.
Qxe4 Qxf2+ 35. Qg2 Qd4 36. Qe2 Nc5 37. Qe8+ Ka7 38. Qe2 Ne4 39. Ba4 Qd2 40. Qxd2
Nxd2 41. c5 Ne4 42. c6 Kb6 43. h5 Nc5 44. Bc2 Kxc6 45. Kg2 a5 46. Kf3 a4 47. Ke3
a3 48. Bb1 Na4 49. Kd4 Kb5 50. Bc2 c5+ 51. Kd3 a2 {White resigns} 0-1

[Event "Team 45 45 League T92"]
[Site "Internet Chess Club"]
[Date "2022.05.22"]
[Round "6"]
[White "olivermx"]
[Black "Denis240964"]
[Result "0-1"]
[WhiteElo "1327"]
[BlackElo "1400"]
[Opening "Ruy Lopez: Anderssen variation"]
[ECO "C77"]
[Time "10:00:59"]
[PlyCount "98"]
[TimeControl "2700+45"]

1. e4 e5 2. Nf3 Nc6 3. Bb5 a6 4. Ba4 Nf6 5. d3 b5 6. Bb3 Be7 7. c3 d6 8. h3 Na5
9. Bc2 c5 10. O-O Qc7 11. Bg5 c4 12. d4 O-O 13. d5 Nb7 14. b4 cxb3 15. axb3 Nc5
16. Re1 Qd8 17. Qe2 Ne8 18. Be3 Qc7 19. Nbd2 f5 20. Rec1 fxe4 21. Nxe4 Nxe4 22.
Bxe4 Nf6 23. Qd3 Nxe4 24. Qxe4 Bf5 25. Qb4 Bxh3 26. gxh3 Rxf3 27. Qg4 Rf6 28.
Kh2 Rg6 29. Qe2 Qd7 30. Rg1 Rxg1 31. Rxg1 Rf8 32. Bh6 Rf7 33. Be3 Qf5 34. Rg2
Qf3 35. Qxf3 Rxf3 36. Rg3 Rxg3 37. fxg3 Kf7 38. Kg2 h5 39. Kf3 g5 40. g4 hxg4+
41. Kxg4 Kg6 42. b4 Bf6 43. Bd2 e4 44. h4 gxh4 45. Be1 h3 46. Kxh3 Kf5 47. Kg2
Ke5 48. c4 bxc4 49. Bc3+ Kf5 {White resigns} 0-1

[Event "Team 45 45 League T92"]
[Site "Internet Chess Club"]
[Date "2022.05.22"]
[Round "6"]
[White "Portola"]
[Black "jonesey"]
[Result "0-1"]
[WhiteElo "1684"]
[BlackElo "1877"]
[Opening "Queen's Pawn"]
[ECO "A41"]
[Time "16:30:43"]
[PlyCount "110"]
[TimeControl "2700+45"]

1. d4 d6 2. c3 Nf6 3. Bg5 Nbd7 4. Nf3 e5 5. dxe5 dxe5 6. e3 c6 7. Qc2 Be7 8.
Nbd2 Qc7 9. Be2 Nb6 10. O-O Bg4 11. e4 h6 12. Be3 O-O 13. h3 Be6 14. Rfd1 Rfd8
15. a4 Nbd7 16. b4 c5 17. b5 a5 18. Bc4 Nf8 19. Bxe6 Nxe6 20. Nc4 Nd7 21. b6
Nxb6 22. Nxb6 Qxb6 23. Nxe5 Rxd1+ 24. Rxd1 Rd8 25. Rxd8+ Nxd8 26. Nc4 Qa6 27.
Na3 c4 28. Nb5 Ne6 29. f3 Bc5 30. Bxc5 Nxc5 31. Qa2 Nb3 32. Qf2 Qc6 33. Kh1 Nc5
34. Qc2 Qd7 35. Na3 Qd3 36. Qb2 Qd1+ 37. Kh2 Qxa4 38. Nb1 Qb3 39. Qc1 Nd3 40.
Qf1 a4 41. Qg1 a3 42. Nxa3 Qxa3 43. Qb6 Qxc3 44. Qd8+ Kh7 45. Qd7 Qe5+ 46. Kg1
Qc5+ 47. Kh2 Nf4 48. Qxf7 Ne2 49. h4 Qg1+ 50. Kh3 Qh1+ 51. Kg4 Qxg2+ 52. Kf5
Qxf3+ 53. Ke6 Qxf7+ 54. Kxf7 c3 55. e5 Nd4 {White resigns} 0-1